Map: Dusk Towers

Players

Sweps

  • Race: Protoss Protoss
  • League: Master

Miszu - Winner!

  • Race: Terran Terran
  • League: Master

VOD

Have the link to the VOD?

Description

Time

  • Played on: April 17, 2016, 1:44 p.m.
  • Length: 11:38
Show
View Real Time Build Order
Export as new Build Order

Sweps Protoss 

Build Orders: Oracle Opening, Zealot Archon 

Get SALT Encoding   

  12  0:00  Probe (Chrono Boost)  
  13  0:11  Probe (Chrono Boost)  
  14  0:17  Pylon  
  14  0:22  Probe (Chrono Boost)  
  15  0:36  Probe (Chrono Boost)  
  15  0:42  Gateway  
  16  0:44  Assimilator  
  16  0:46  Probe (Chrono Boost)  
  18  0:57  Probe (Chrono Boost)  
  18  0:58  Assimilator  
  18  1:03  Pylon  
  18  1:07  Probe (Chrono Boost)  
  19  1:18  Probe (Chrono Boost)  
  20  1:28  Probe (Chrono Boost)  
  20  1:30  Cybernetics Core  
  21  1:39  Probe (Chrono Boost)  
  22  1:49  Probe (Chrono Boost)  
  23  2:06  Stalker (Chrono Boost)  
  23  2:07  Nexus, Mothership Core (Chrono Boost)  
  27  2:13  Warp Gate  
  27  2:32  Pylon  
  27  2:33  Probe  
  27  2:35  Stalker (Chrono Boost)  
  30  2:45  Probe  
  30  2:51  Stargate  
  31  2:58  Probe  
  32  3:01  Stalker (Chrono Boost)  
  32  3:04  Pylon  
  34  3:07  Pylon  
  32  3:20  Probe  
  32  3:23  Probe  
  32  3:25  Twilight Council  
  34  3:32  Probe  
  34  3:33  Probe  
  35  3:36  Oracle  
  39  3:45  Probe (Chrono Boost)  
  39  3:46  Probe (Chrono Boost)  
  41  3:57  Probe x2 (Chrono Boost)  
  41  4:01  Assimilator  
  43  4:07  Probe (Chrono Boost)  
  43  4:08  Probe (Chrono Boost)  
  45  4:11  Gateway x2  
  45  4:18  Probe x2 (Chrono Boost)  
  45  4:21  Assimilator  
  47  4:28  Templar Archives  
  47  4:29  Probe (Chrono Boost)  
  49  4:41  Mothership Core (Chrono Boost)  
  49  4:42  Pylon  
  49  4:44  Probe (Chrono Boost)  
  51  4:54  Probe (Chrono Boost)  
  51  4:57  Psionic Storm  
  51  4:59  Probe (Chrono Boost)  
  53  5:04  Probe (Chrono Boost)  
  54  5:10  Probe  
  55  5:14  Pylon  
  55  5:16  Pylon  
  55  5:18  High Templar, Probe  
  58  5:22  Probe  
  58  5:24  Pylon  
  58  5:25  Gateway  
  58  5:27  Pylon  
  58  5:28  High Templar, Probe  
  61  5:31  Pylon  
  61  5:33  Gateway  
  61  5:34  Probe  
  63  5:39  Probe  
  63  5:40  Gateway  
  64  5:49  High Templar  
  66  5:55  Resonating Glaives (Chrono Boost)  
  66  6:02  Adept x2  
  70  6:05  Nexus  
  70  6:10  Gateway  
  70  6:11  Probe x2  
  72  6:21  High Templar  
  72  6:24  Adept x3  
  79  6:34  Adept  
  79  6:50  Archon  
  79  6:52  Adept x3  
  83  6:58  High Templar x2  
  87  7:07  Gateway  
  87  7:09  Gateway x2  
  87  7:12  High Templar  
  87  7:13  Adept x3  
  95  7:18  Assimilator  
  95  7:20  Probe  
  95  7:21  Probe  
  97  7:23  Probe, Assimilator  
  98  7:32  Probe  
  98  7:33  Probe x2  
  98  7:36  High Templar, Adept x2  
  98  7:37  Adept x2  
  111  7:44  Probe  
  111  7:45  Probe  
  111  7:50  Pylon  
  92  8:01  Archon  
  69  8:27  Probe  
  69  8:28  High Templar x4  
  69  8:31  Gateway  
  69  8:43  Adept x4  
  69  8:44  Adept  
  79  8:49  Adept  
  79  8:50  Probe  
  81  8:55  Robotics Facility  
  81  9:00  Probe  
  81  9:01  Adept x4  
  89  9:03  Probe  
  89  9:08  Probe  
  91  9:12  Probe  
  91  9:15  Probe  
  93  9:18  Probe  
  94  9:24  Probe  
  94  9:26  Adept x10  
  94  9:27  Probe  
  94  9:29  Probe  
  117  9:38  Probe  
  116  9:39  Probe  
  117  9:50  Probe  
  112  10:00  High Templar x2  
  112  10:01  Observer  
  112  10:06  Pylon  
  117  10:07  Pylon x2  
  117  10:08  Pylon  
  117  10:11  Pylon  
  117  10:19  Nexus  
  117  10:21  Pylon  
  117  10:22  Pylon  
  117  10:24  Observer, Probe  
  117  10:27  High Templar x4  
  127  10:29  Stalker  
  127  10:30  Stalker  
  129  10:41  Stalker x2  
  133  10:56  Adept x2  
  133  10:57  Adept  
  133  11:01  Stalker x4  
  133  11:02  Stalker  
  143  11:12  High Templar x2  
  143  11:17  Observer  
  108  11:28  Adept x6  
  108  11:29  Adept x2  
Show
View Real Time Build Order
Export as new Build Order

Miszu Terran - Winner!

Build Orders: Command Center First (CC), MMM Bio 

Get SALT Encoding   

  12  0:01  SCV  
  13  0:13  SCV  
  14  0:17  Supply Depot  
  14  0:25  SCV  
  15  0:39  SCV  
  16  0:51  SCV  
  17  1:00  Command Center  
  17  1:03  SCV  
  18  1:12  Barracks  
  19  1:18  SCV  
  19  1:30  SCV  
  19  1:32  Barracks  
  20  1:42  SCV  
  20  1:44  Barracks  
  21  2:01  Marine, Orbital Command  
  22  2:11  Orbital Command  
  22  2:18  Marine  
  22  2:19  Marine  
  24  2:26  SCV  
  24  2:28  Refinery  
  25  2:30  Refinery  
  25  2:32  Marine  
  25  2:36  Marine x2  
  28  2:39  SCV  
  28  2:42  SCV  
  30  2:50  Supply Depot, Marine  
  31  2:51  SCV  
  31  2:53  Marine  
  31  2:54  SCV  
  34  3:00  Barracks Tech Lab  
  34  3:03  SCV  
  35  3:06  SCV  
  35  3:08  Marine  
  37  3:15  SCV  
  37  3:19  Marine x2  
  40  3:20  SCV  
  40  3:21  Stimpack  
  40  3:24  Supply Depot  
  41  3:27  SCV  
  41  3:31  Marine  
  41  3:32  SCV  
  44  3:37  Marine x2  
  46  3:45  SCV  
  46  3:46  SCV  
  48  3:50  Marine  
  48  3:53  Supply Depot  
  48  3:54  Marine  
  50  3:57  Factory  
  50  3:58  SCV x2  
  50  4:00  Refinery  
  52  4:03  Marine  
  52  4:08  Supply Depot, Marine  
  54  4:15  SCV x2  
  56  4:19  Engineering Bay  
  56  4:26  Marine x2  
  56  4:27  SCV x2  
  56  4:28  Marauder  
  62  4:32  Supply Depot  
  62  4:39  SCV x2  
  62  4:42  Starport, Factory Reactor  
  62  4:45  Barracks Tech Lab  
  64  4:46  Barracks Reactor, Terran Infantry Weapons Level 1  
  64  4:51  SCV x2, Missile Turret  
  60  5:03  SCV x2  
  59  5:10  Missile Turret  
  59  5:13  Marauder  
  61  5:15  SCV x2  
  63  5:23  Barracks  
  63  5:25  Factory Reactor  
  63  5:27  Medivac x2, Barracks, SCV x2  
  69  5:40  SCV, Combat Shields  
  69  5:41  Marine x2, Marauder x2  
  76  5:44  Supply Depot  
  76  5:47  Supply Depot  
  76  5:48  SCV  
  77  5:52  SCV  
  78  6:05  Marine x4  
  78  6:06  Medivac  
  78  6:07  Medivac  
  78  6:09  Supply Depot  
  78  6:10  SCV x2  
  88  6:12  Supply Depot  
  88  6:14  Barracks Tech Lab  
  88  6:15  Barracks Reactor  
  88  6:22  SCV x2  
  88  6:23  Marine  
  88  6:25  Marine, Command Center  
  91  6:27  Marine  
  91  6:30  Widow Mine  
  95  6:39  Refinery  
  95  6:40  Terran Infantry Armor Level 1  
  90  6:51  Marauder  
  90  6:52  Marine  
  90  6:53  Marauder  
  90  6:54  Marine x3, Marauder  
  82  6:56  SCV x2  
  82  7:03  Widow Mine  
  82  7:05  Widow Mine  
  82  7:08  SCV x2  
  85  7:10  Marine  
  85  7:11  Marine  
  85  7:13  Marauder  
  85  7:14  Marauder  
  91  7:20  SCV x2  
  93  7:23  Medivac  
  93  7:24  Medivac  
  93  7:29  Engineering Bay  
  95  7:32  SCV x2  
  95  7:33  Armory  
  97  7:40  Orbital Command  
  97  7:44  SCV x2  
  97  7:46  Marauder  
  99  7:56  SCV  
  99  7:57  SCV  
  95  8:05  Marine x5, Marauder  
  85  8:07  Marine  
  76  8:22  Marine  
  76  8:23  Marine x4  
  76  8:25  Marine  
  76  8:26  Marine, Widow Mine x2  
  84  8:32  SCV  
  85  8:40  Marine  
  85  8:41  Marine x3, Marauder  
  87  8:42  Medivac  
  87  8:43  Medivac, Marauder  
  87  8:44  Marauder  
  87  8:46  Terran Infantry Armor Level 2  
  87  8:48  Terran Infantry Weapons Level 2  
  98  8:49  SCV x2  
  98  8:50  SCV  
  101  8:58  Marine, Widow Mine x2  
  101  8:59  Marine x2  
  101  9:01  SCV  
  109  9:03  Marauder  
  109  9:05  Supply Depot  
  109  9:06  Supply Depot, Marine, Marauder  
  109  9:09  Marauder  
  116  9:18  Barracks  
  116  9:19  Barracks  
  116  9:22  Barracks  
  116  9:23  Marine x2  
  116  9:24  Marine x2, Marauder  
  120  9:26  Medivac  
  120  9:27  Marine, Medivac  
  127  9:32  Supply Depot  
  127  9:33  Supply Depot  
  127  9:34  Marauder, Widow Mine x2  
  133  9:41  Marine  
  133  9:45  Marine, Marauder  
  139  9:46  Marauder  
  136  9:58  Medivac x2  
  138  10:03  Supply Depot x2, Marine, Refinery x2, Widow Mine x2  
  138  10:04  Marauder  
  145  10:07  Supply Depot  
  145  10:08  Barracks Tech Lab x2  
  145  10:11  Marine x2, Marauder x2  
  151  10:16  Barracks Reactor  
  151  10:19  Marine  
  152  10:21  Marine  
  152  10:24  Marine  
  154  10:31  Widow Mine  
  156  10:35  Marine  
  156  10:36  Marauder, Marine x2, Hellion, Ghost Academy  
  156  10:40  Command Center  
  159  10:52  Concussive Shells  
  157  10:58  Hellion  
  157  11:05  Marauder  
  156  11:15  Marauder  
Tags
 
Add a new tag
Caveats
  • Supply blocks, unpowered buildings, or Contaminate may cause inaccurate times.
  • Supply counts are checked every 10 seconds.